 Dungeon Crawl Stone Soup version 0.16.1-11-g651b585 (webtiles) character file.

47 Radiman the Digger (level 3, 0/19 HPs)
             Began as a Gargoyle Earth Elementalist on Apr 4, 2015.
             Slain by a hound (2 damage)
             ... on level 2 of the Dungeon.
             The game lasted 00:06:11 (1991 turns).

Radiman the Digger (Gargoyle Earth Elementalist)    Turns: 1991, Time: 00:06:11

Health: 0/19       AC:  5    Str: 11    XL:     3   Next: 70%
Magic:  0/6        EV: 12    Int: 15    God:
Gold:   48         SH:  0    Dex: 11    Spells: 3 memorised, 1 level left

rFire  . . .     SeeInvis .     (no weapon)
rCold  . . .     Clarity  .     c - +0 robe
rNeg   + . .     SustAb   .     (no shield)
rPois  ∞         Gourm    .     (no helmet)
rElec  +         Spirit   .     (no cloak)
rCorr  .         Warding  .     (no gloves)
rMut   .         Stasis   .     (no boots)
MR     .....                    (no amulet)
Stlth  ++........               (no ring)
                                (no ring)

@: not resistant to hostile enchantments, unstealthy
A: negative energy resistance 1, electricity resistance, unbreathing,
petrification resistance, rot immunity, AC +3
a: no special abilities


You were on level 2 of the Dungeon.
You were not hungry.

You visited 1 branch of the dungeon, and saw 2 of its levels.

You collected 48 gold pieces.

Inventory:

Missiles
 b - 87 stones (quivered)
Armour
 c - a +0 robe (worn)
Scrolls
 f - a scroll of random uselessness {unknown}
 h - a scroll of identify {unknown}
 j - a scroll of fear {unknown}
Potions
 e - a potion of curing {unknown}
 g - a potion of lignification {unknown}
 i - a potion of agility {unknown}
Books
 d - a book of Geomancy

   Spells                             Type                      Level
   a - Sandblast                      Earth                        1
   b - Stoneskin                      Transmutation/Earth          2
   c - Passwall                       Transmutation/Earth          3
   d - Stone Arrow                    Conjuration/Earth            3
   e - Petrify                        Transmutation/Earth          4
   f - Lee's Rapid Deconstruction     Earth                        5
Comestibles
 a - 3 bread rations
 k - 3 fruits


   Skills:
 - Level 1.5 Dodging
 - Level 2.1 Stealth
 - Level 2.9 Spellcasting
 + Level 1.2 Conjurations
 - Level 0.7 Transmutations
 + Level 4.3 Earth Magic


You had one spell level left.
You knew the following spells:

 Your Spells              Type           Power        Failure   Level  Hunger
a - Sandblast             Erth           ###...       3%          1    #......
b - Stoneskin             Trmt/Erth      #.......     12%         2    ##.....
c - Stone Arrow           Conj/Erth      ##....       21%         3    ###....


Dungeon Overview and Level Annotations

Branches:
Dungeon (2/15)

Altars:
Makhleb


Innate Abilities, Weirdness & Mutations

You are resistant to torment.
You are immune to poison.
Your stone body is very resilient (AC +3).
You resist negative energy.
You are resistant to electric shocks.
You can survive without breathing.
You are immune to petrification.
You are immune to rotting.


Message History

Aim: a hound (heavily wounded, bleeding)
The blast of sand hits the hound.
The hound is severely wounded.
The hound bites you.
Casting: Sandblast
Confirm with . or Enter, or press ? or * to list all spells.
Aiming: Sandblast
Press: ? - help, Shift-Dir - straight line, f/p - hound
Aim: a hound (severely wounded, bleeding)
The blast of sand misses the hound.
The hound barely misses you. The hound bites you.
You closely miss the hound.
The hound is severely wounded.
The hound bites you.
You completely miss the hound.
The hound is severely wounded.
The hound bites you.
* * * LOW HITPOINT WARNING * * *
The hound bites you.
You die...

############
#..........### .
#.######.....##.# #
#.### ##.....##.# .
#...# #...(.....###.
###@# #......#......
#..h..##.............
#.....##.#..####.#...
#∩_....##.#..# ##.#.#.
##.....##.#..###......
..#.####.#....#..#.#.
#########.#....#..#...
.........###......#
######...#.#...###.


You could see a hound (bleeding).

Vanquished Creatures
  An adder (D:2)
  2 worms (D:2)
  A giant gecko (D:1)
  2 giant cockroaches
  4 goblins
  6 hobgoblins (D:1)
  4 bats
  A giant newt (D:1)
  2 kobolds (D:1)
  5 rats (D:1)
28 creatures vanquished.

Notes
Turn   | Place    | Note
--------------------------------------------------------------
     0 | D:1      | Radiman, the Gargoyle Earth Elementalist, began the quest for the Orb.
     0 | D:1      | Reached XP level 1. HP: 10/10 MP: 3/3
   679 | D:1      | Reached XP level 2. HP: 15/15 MP: 1/5
  1496 | D:1      | Reached skill level 4 in Earth Magic
  1677 | D:2      | Reached XP level 3. HP: 19/19 MP: 2/6
  1718 | D:2      | Learned a level 2 spell: Stoneskin
  1722 | D:2      | Learned a level 3 spell: Stone Arrow
  1895 | D:2      | Reached skill level 1 in Conjurations
  1983 | D:2      | Found a burning altar of Makhleb.
  1991 | D:2      | Slain by a hound

Action                   || total
-------------------------++-------
Melee: Unarmed           ||    14
 Cast: Sandblast         ||    67
  Eat: Chunk             ||     4
